 Dungeon Crawl Stone Soup version 0.28.0 (webtiles) character file.

Game seed: 5785878823215111502

3309 dolemite99 the Grappler (level 9, -3/88 HPs)
             Began as a Troll Earth Elementalist on Feb 13, 2022.
             Was an Elder of Dithmenos.
             Succumbed to a hornet's poison
             ... while paralysed by a hornet
             ... on level 8 of the Dungeon.
             The game lasted 00:08:10 (5974 turns).

dolemite99 the Grappler (Troll Earth Elementalist)  Turns: 5974, Time: 00:08:11

Health: -3/88      AC:  7    Str: 20    XL:     9   Next: 70%
Magic:  9/9        EV:  1    Int: 13    God:    Dithmenos [****..]
Gold:   251        SH:  0    Dex: 10    Spells: 8/10 levels left

rFire   + . .      SeeInvis .     - Unarmed
rCold   . . .      Faith    .   n - +0 kite shield
rNeg    . . .      Spirit   .   u - +0 robe {rF+}
rPois   .          Reflect  .   (helmet restricted)
rElec   .          Harm     .   x - +2 cloak
rCorr   .          Rampage  .   (gloves unavailable)
Will    +....                   (boots unavailable)
Stlth   ++........              j - amulet of the acrobat
HPRegen 1.04/turn               o - ring of willpower
MPRegen 0.11/turn               (no ring)

@: paralysed, lethally poisoned (-3 -> -22), slowed, wreathed by umbra
A: large, unfitting armour, claws 3, regeneration 1, shaggy fur 1, tough skin 1
a: Renounce Religion, Shadow Step


You were on level 8 of the Dungeon.
You worshipped Dithmenos.
Dithmenos was greatly pleased with you.
You visited 1 branch of the dungeon, and saw 8 of its levels.

You collected 251 gold pieces.

Inventory:

Hand Weapons
 z - a +0 vorpal hunting sling
Missiles
 c - 237 stones
 d - 39 arrows
 i - 83 bolts
 v - 6 boomerangs
Armour
 b - a +2 robe
 n - a +0 kite shield (worn)
 u - a +0 robe of fire resistance (worn)
 x - a +2 cloak (worn)
Magical Staves
 m - a staff of death
 w - a staff of earth
Jewellery
 j - an amulet of the acrobat (around neck)
 k - an amulet of reflection
 o - a ring of willpower (left claw)
Wands
 t - a wand of polymorph (24)
 A - a wand of flame (24)
Scrolls
 a - a scroll of enchant armour
 e - 6 scrolls of amnesia
 q - a scroll of blinking
 y - a scroll of teleportation {unknown}
Potions
 f - 2 potions of flight
 g - 2 potions of lignification {unknown}
 h - 2 potions of attraction
 l - 2 potions of magic {unknown}
 p - a potion of berserk rage {unknown}
 r - 2 potions of haste {unknown}
 s - a potion of ambrosia {unknown}


   Skills:
 - Level 5.5 Fighting
 - Level 1.5 Dodging
 - Level 1.0 Stealth
 + Level 2.0 Shields
 - Level 11.5 Unarmed Combat
 - Level 1.2 Spellcasting
 - Level 0.6 Transmutations
 - Level 2.6 Earth Magic


You had 8 spell levels left.
You knew the following spells:

 Your Spells              Type           Power      Damage    Failure   Level
a - Passwall              Tmut/Erth      4%         N/A       45%         2

Your spell library contained the following spells:

 Spells                   Type           Power      Damage    Failure   Level
 Sandblast                Erth           14%        2d6       22%         1
 Magic Dart               Conj           0%         1d3       56%         1
 Summon Small Mammal      Summ           0%         N/A       56%         1
 Call Imp                 Summ           0%         N/A       71%         2
 Searing Ray              Conj           0%         2d4       71%         2
 Stone Arrow              Conj/Erth      8%         3d7       75%         3
 Call Canine Familiar     Summ           0%         N/A       90%         3
 Mephitic Cloud           Conj/Pois/Air  0%         N/A       90%         3
 Summon Guardian Golem    Hex/Summ       0%         N/A       90%         3
 Petrify                  Tmut/Erth      5%         N/A       98%         4
 Fulminant Prism          Conj/Hex       0%         3d6       100%        4


Dungeon Overview and Level Annotations

Branches:
Dungeon (8/15)             Temple (0/1) D:5
   Lair: D:8-11

Altars:
Cheibriados
Dithmenos
Hepliaklqana
Kikubaaqudgha
Sif Muna
Vehumet
Xom
Yredelemnul

Annotations:
D:7 exclusion: statue


Innate Abilities, Weirdness & Mutations

You are too large for most types of armour.
You have claws for hands.
Your natural rate of healing is unusually fast.
You are covered in fur. (AC +1)
You have tough skin. (AC +1)


Message History

You feel yourself slow down.
You feel yourself speed up.
You feel very sick.
The hornet stings you but does no damage.
The hornet stings you.
You feel yourself slow down.
You can move again.
You miss the hornet.
You feel very sick. The hornet stings you.
You are more poisoned.
You feel as though you will be slow longer.
The hornet stings you.
You are more poisoned.
You feel as though you will be slow longer.
You closely miss the hornet.
You feel extremely sick. The hornet stings you!
You feel as though you will be slow longer.
You block the hornet's attack.
You barely miss the hornet.
You feel extremely sick. The hornet barely misses you. x2
You scratch the hornet but do no damage.
You feel very sick. The hornet stings you!
* * * LOW HITPOINT WARNING * * *
You are more poisoned.
You feel as though you will be slow longer.
You block the hornet's attack.
You claw the hornet!
The hornet is heavily wounded.
* * * LOW HITPOINT WARNING * * *
You feel extremely sick. The hornet stings you.
* * * LOW HITPOINT WARNING * * *
You are lethally poisoned!
You suddenly lose the ability to move!
The hornet stings you!
* * * LOW HITPOINT WARNING * * *
You feel as though you will be slow longer.
You die...

######.#.#######..## ..#
#..................## #.#
#.......#######.....## #.#
#..†....## #.......## #.#
#........####.........###..
#...........+.........'....
#<..........#.........###..
#.......#...##.......## #.#
####.####.@>###.....## #.#.
#.#.....y...#...## #.###
#...........##+# ## .
###...!.....# # ####...####
# ..... #...## ##.##


You could see a hornet.

Vanquished Creatures
  Grinder (D:5)
  Eustachio (D:5)
  An acid dragon (D:8)
  2 water moccasins
  An orc warrior (D:6)
  2 sky beasts
  3 black bears
  2 ogres
  A centaur (D:7)
  2 phantoms
  Blork the orc (D:8)
  2 bullfrogs
  A gnoll sergeant (D:6)
  A wyvern zombie (D:6)
  5 scorpions
  A water moccasin zombie (D:5)
  A wyvern skeleton (D:7)
  4 wights (D:7)
  A howler monkey (D:6)
  3 centaur skeletons
  A jelly (D:4)
  4 orc priests
  A bullfrog zombie (D:6)
  3 hounds
  A gnoll shaman (D:7)
  2 iguanas
  2 scorpion zombies
  3 orc wizards (D:5)
  Robin (D:4)
  6 gnolls
  7 adders
  A howler monkey skeleton (D:7)
  An ufetubus (D:5)
  2 dart slugs
  10 orcs
  5 bats
  7 endoplasms
  18 goblins
  10 hobgoblins
  3 jackals (D:1)
  8 kobolds
  8 quokkas
  4 ball pythons
  3 frilled lizards
  7 rats
154 creatures vanquished.

Notes
Turn   | Place    | Note
-------+----------+-------------------------------------------
     0 | D:1      | dolemite99 the Troll Earth Elementalist began the quest for
                  | the Orb.
     0 | D:1      | Reached XP level 1. HP: 16/16 MP: 1/1
    91 | D:1      | Found a faded altar of an unknown god.
    93 | D:1      | Reached skill level 1 in Unarmed Combat
   119 | D:1      | Reached XP level 2. HP: 24/24 MP: 2/2
   164 | D:1      | Prayed at the altar of an unknown god.
   164 | D:1      | Became a worshipper of Dithmenos the Shadowed
   164 | D:1      | Reached * piety under Dithmenos
   339 | D:1      | Reached skill level 2 in Unarmed Combat
   612 | D:1      | Reached XP level 3. HP: 31/31 MP: 1/3
  1071 | D:2      | Reached skill level 3 in Unarmed Combat
  1337 | D:2      | Reached ** piety under Dithmenos
  1403 | D:3      | Noticed a scorpion
  1419 | D:3      | Killed a scorpion
  1420 | D:3      | Reached skill level 4 in Unarmed Combat
  1420 | D:3      | Reached XP level 4. HP: 12/39 MP: 4/4
  1584 | D:3      | Found a hazy altar of Hepliaklqana.
  1585 | D:3      | Found a shimmering altar of Xom.
  1586 | D:3      | Noticed a spectral ugly thing
  1646 | D:3      | Reached XP level 5. HP: 45/45 MP: 5/5
  1670 | D:3      | Reached skill level 5 in Unarmed Combat
  1839 | D:3      | Noticed a sky beast
  1853 | D:3      | Killed a sky beast
  1854 | D:3      | Reached XP level 6. HP: 44/53 MP: 6/6
  1926 | D:3      | Reached skill level 6 in Unarmed Combat
  2036 | D:4      | Noticed Robin
  2050 | D:4      | Killed Robin
  2075 | D:4      | Reached *** piety under Dithmenos
  2228 | D:4      | Reached skill level 7 in Unarmed Combat
  2265 | D:4      | Reached XP level 7. HP: 47/59 MP: 7/7
  2549 | D:4      | Learned a level 2 spell: Passwall
  2604 | D:4      | Reached skill level 8 in Unarmed Combat
  2743 | D:5      | Entered Level 5 of the Dungeon
  2851 | D:5      | Found a staircase to the Ecumenical Temple.
  3040 | D:5      | Reached skill level 9 in Unarmed Combat
  3157 | D:5      | Noticed Eustachio
  3159 | D:5      | Reached XP level 8. HP: 67/67 MP: 8/8
  3184 | D:5      | Killed Eustachio
  3262 | D:5      | Noticed Grinder
  3266 | D:5      | Reached skill level 10 in Unarmed Combat
  3270 | D:5      | Killed Grinder
  3334 | D:5      | Found a basalt altar of Yredelemnul.
  3365 | D:5      | Found a shimmering blue altar of Sif Muna.
  3379 | D:5      | Reached skill level 11 in Unarmed Combat
  3580 | D:5      | Found an ancient bone altar of Kikubaaqudgha.
  4181 | D:6      | Reached XP level 9. HP: 75/75 MP: 9/9
  4199 | D:6      | Reached skill level 1 in Fighting
  4391 | D:6      | Reached **** piety under Dithmenos
  5074 | D:7      | Reached skill level 5 in Fighting
  5098 | D:7      | Found a snail-covered altar of Cheibriados.
  5149 | D:7      | Found a radiant altar of Vehumet.
  5834 | D:8      | Noticed Blork the orc
  5847 | D:8      | Killed Blork the orc
  5848 | D:8      | Reached skill level 1 in Shields
  5965 | D:8      | Paralysed by a hornet for 3 turns
  5973 | D:8      | Paralysed by a hornet for 3 turns
  5973 | D:8      | HP: 2/88 [hornet (11)]
  5974 | D:8      | Succumbed to a hornet's poison

Illustrated notes

Levels and vault maps discovered:
D:1:      wheals_arrival_shading, layout_basic,
          dreamdust_ecumenical_altar_statues
D:2:      layout_basic
D:3:      layout_rooms, regret_index_temple_of_mockery,
          small_statue_intersection
D:4:      layout_loops_cross, kennysheep_generic_room_5, uniq_robin
D:5:      layout_loops_ring, kennysheep_mini_moat, mainiacjoe_overflow_swirl,
          minmay_temple_entry_proselytizer, uniq_eustachio, uniq_grinder
D:6:      kb_forest_paths, layout_basic
D:7:      layout_cave_pods, kennysheep_mini, vehumet_statue,
          nicolae_figureground_sparkle
D:8:      layout_loops_corners, lemuel_round_altar, sword_in_stone

Skill      XL: |  1  2  3  4  5  6  7  8  9 |
---------------+----------------------------+-----
Unarmed Combat | 1 2 4 5 7 9 11 | 11.5
Fighting       | 5 |  5.5
Shields        | 2 |  2.0
Dodging        | |  1.5
Stealth        | |  1.0
Spellcasting   | |  1.2
Transmutations | |  0.6
Earth Magic    | |  2.6

Action                   |  1- 3 |  4- 6 |  7- 9 || total
-------------------------+-------+-------+-------++-------
Melee: Unarmed           |    66 |   126 |   215 ||   407
       Punch             |       |     2 |     9 ||    11
 Cast: Sandblast         |    28 |       |       ||    28
Evoke: Wand              |       |       |    27 ||    27
  Use: Scroll            |     2 |     1 |    11 ||    14
 Stab: Sleeping          |     1 |     2 |     3 ||     6
Armor: Robe              |    22 |    47 |    61 ||   130
Dodge: Dodged            |    30 |    71 |   152 ||   253
Block: Kite shield       |       |       |     6 ||     6
